 Dungeon Crawl Stone Soup version 0.29.1-12-g30fa7ad0bf (webtiles) character file.

Game seed: 11433553451592474384

173884 Peloso the Hoplite (level 17, -2/160 HPs)
             Began as a Minotaur Fighter on Dec 30, 2022.
             Was a High Priest of Okawaru.
             Splashed by a goliath frog's acid (8 damage)
             ... called by a spriggan druid
             ... on level 3 of the Swamp on Dec 31, 2022.
             The game lasted 02:00:52 (39676 turns).

Peloso the Hoplite (Minotaur Fighter)              Turns: 39676, Time: 02:00:52

Health: -2/160     AC: 14    Str: 25    XL:     17   Next: 44%
Magic:  18/19      EV: 15    Int: 15    God:    Okawaru [*****.]
Gold:   3472       SH: 22    Dex: 21    Spells: 16/16 levels left

rFire   + . .      SeeInvis +   b - +4 scimitar (flame)
rCold   . . .      Faith    .   d - +3 kite shield "Mijyokil" {rPois}
rNeg    . . .      Spirit   .   x - +1 plate armour of the Evening Star {+Blink Will+ Regen+}
rPois   +          Reflect  .   T - +2 hat {Will+}
rElec   +          Harm     .   X - +2 cloak of the Villain {Int+5}
rCorr   .          Rampage  .   (no gloves)
Will    +++++                   (no boots)
Stlth   ..........              (no amulet)
HPRegen 1.16/turn               E - ring "Setot" {rF+ Dex+6 Stlth+}
MPRegen 0.16/turn               V - ring "Cenoxieth" {rElec Will+++ Int+6 Dex-2 SInv}

@: heroic, corroded
A: horns 2, retaliatory headbutt, agile 1, sense surroundings 1
a: Renounce Religion, Evoke Blink, Heroism, Finesse, Duel


You were on level 3 of the Swamp.
You worshipped Okawaru.
Okawaru was extremely pleased with you.
You visited 7 branches of the dungeon, and saw 31 of its levels.
You also visited: Ossuary.

You collected 4458 gold pieces.
You spent 986 gold pieces at shops.

Inventory:

Hand Weapons
 a - a +5 vampiric demon blade
 b - a +4 scimitar of flaming (weapon)
 c - a +1 long sword
Armour
 d - the +3 kite shield "Mijyokil" (worn) {rPois}
   (Okawaru gifted it to you on level 2 of the Swamp)

   rPois:     It protects you from poison.
 l - the +2 plate armour "Kosejoesh" {Str+2}
   (You bought it in a shop on level 1 of the Snake Pit)

   Str:       It affects your strength (+2).
 x - the +1 plate armour of the Evening Star (worn) {+Blink Will+ Regen+}
   (Okawaru gifted it to you on level 11 of the Dungeon)

   +Blink:    It lets you blink.
   Regen:     It increases your rate of health regeneration.
   Will:      It increases your willpower.
 Q - the +0 hat of Plasticity {rC+}
   (Okawaru gifted it to you on level 15 of the Dungeon)

   rC:        It protects you from cold.
 T - a +2 hat of willpower (worn)
 X - the +2 cloak of the Villain (worn) {Int+5}
   (Okawaru gifted it to you on level 5 of the Lair of Beasts)

   Int:       It affects your intelligence (+5).
Jewellery
 e - a ring of resist corrosion
 f - the ring "Imeggak" {rPois rF+ Int+2}
   (You acquired it on level 3 of the Elven Halls)

   [ring of protection from fire]

   Int:       It affects your intelligence (+2).
   rF:        It protects you from fire.
   rPois:     It protects you from poison.
 t - a ring of willpower
 y - a ring of protection from cold
 E - the ring "Setot" (left hand) {rF+ Dex+6 Stlth+}
   (You took it off a deep elf elementalist on level 2 of the Elven Halls)

   [ring of dexterity]

   Dex:       It affects your dexterity (+6).
   rF:        It protects you from fire.
   Stlth:     It makes you more stealthy.
 G - a +4 ring of protection
 I - a ring of flight
 K - a ring of protection from cold
 V - the ring "Cenoxieth" (right hand) {rElec Will+++ Int+6 Dex-2 SInv}
   (You found it on level 1 of the Orcish Mines)

   [ring of intelligence]

   Int:       It affects your intelligence (+6).
   Dex:       It affects your dexterity (-2).
   rElec:     It insulates you from electricity.
   SInv:      It lets you see invisible.
   Will:      It greatly increases your willpower.
Wands
 p - a wand of roots (3)
 w - a wand of paralysis (4)
Scrolls
 g - 10 scrolls of teleportation
 m - a scroll of amnesia
 n - 2 scrolls of poison
 o - 3 scrolls of immolation
 s - a scroll of silence
 u - a scroll of acquirement
 v - 4 scrolls of noise
 B - 3 scrolls of fear
 N - 6 scrolls of magic mapping
Potions
 j - 3 potions of resistance
 k - 3 potions of invisibility
 q - 6 potions of flight
 r - 3 potions of might
 A - 3 potions of haste
 H - 7 potions of curing
 S - a potion of berserk rage


   Skills:
 + Level 16.7(21.7) Fighting
 + Level 18.2(23.2) Long Blades
 + Level 16.4(21.4) Armour
 + Level 5.8(10.8) Dodging
 + Level 1.6(6.6) Stealth
 + Level 23.0(27) Shields
 + Level 4.7 Invocations
 + Level 0.5 Evocations


You had 16 spell levels left.
You didn't know any spells.
Your spell library contained the following spells:

 Spells                   Type           Power      Damage    Failure   Level
 Freeze                   Ice            0%         1d3       77%         1
 Magic Dart               Conj           0%         1d3       77%         1
 Necrotise                Necr           0%         1d4       77%         1
 Slow                     Hex            0%         N/A       77%         1
 Poisonous Vapours        Pois/Air       0%         N/A       88%         2
 Searing Ray              Conj           0%         2d4       88%         2
 Static Discharge         Conj/Air       0%         3-3/arc   88%         2
 Sublimation of Blood     Necr           0%         N/A       88%         2
 Frozen Ramparts          Ice            0%         1d1       98%         3
 Vampiric Draining        Necr           0%         2d6       98%         3
 Anguish                  Hex/Necr       0%         N/A       100%        4
 Corpse Rot               Necr/Pois/Air  0%         N/A       100%        4
 Dispel Undead            Necr           0%         3d6       100%        4
 Fulminant Prism          Conj/Hex       0%         3d6       100%        4
 Hailstorm                Conj/Ice       0%         3d3       100%        4
 Agony                    Necr           0%         N/A       100%        5
 Blade Hands              Tmut           0%         N/A       100%        5
 Fireball                 Conj/Fire      0%         3d3       100%        5
 Freezing Cloud           Conj/Ice/Air   0%         6-21      100%        5
 Irradiate                Conj/Tmut      0%         3d11      100%        5
 Lightning Bolt           Conj/Air       0%         1d11      100%        5
 Conjure Ball Lightning   Conj/Air       0%         3x3d6     100%        6
 Eringya's Noxious Bog    Tmut/Pois      0%         N/A       100%        6
 Starburst                Conj/Fire      0%         6d3       100%        6
 Dragon Form              Tmut           0%         N/A       100%        7
 Discord                  Hex            0%         N/A       100%        8
 Disjunction              Tloc           0%         N/A       100%        8
 Ignition                 Fire           0%         3d3       100%        8
 Maxwell's Capacitive Co  Air            0%         ∞         100%        8
 Polar Vortex             Ice            0%         N/A       100%        9
 Summon Small Mammal      Summ           Unusable   N/A       N/A         1
 Animate Dead             Necr           Unusable   N/A       N/A         4
 Summon Forest            Summ/Tloc      Unusable   N/A       N/A         5
 Simulacrum               Ice/Necr       Unusable   N/A       N/A         6
 Summon Hydra             Summ           Unusable   N/A       N/A         7

Dungeon Overview and Level Annotations

Branches:
Dungeon (15/15)            Temple (1/1) D:7            Lair (5/5) D:9
  Swamp (4/4) Lair:2        Snake (1/4) Lair:3        Slime (0/5) Lair:4
    Orc (2/2) D:12            Elf (3/3) Orc:2        Vaults (0/5) D:14
 Depths (0/4) D:15        Ossuary (visited)

Altars:
Ashenzari
Cheibriados
Dithmenos
Elyvilon
Fedhas
Gozag
Hepliaklqana
Kikubaaqudgha
Makhleb
Okawaru
Qazlal
Ru
Sif Muna
Trog
Uskayaw
Vehumet
Wu Jian
Xom
Yredelemnul
Zin
The Shining One
Jiyva

Shops:
D:7 *?[?   D:9 *   Orc:2 (([=   Snake:1 [

Annotations:
Lair:2 Casa
Elf:2 3 runed translucent doors


Innate Abilities, Weirdness & Mutations

You have a pair of horns on your head.
You reflexively headbutt those who attack you in melee.
You are agile. (Dex +4, Str/Int -1)
You passively map a small area around you.


Message History

The goliath frog is lightly wounded.
The goliath frog hits you but does no damage.
You slash the goliath frog! You burn the goliath frog.
The goliath frog is moderately wounded.
You block the goliath frog's attack. The goliath frog closely misses you.
You slash the goliath frog! You burn the goliath frog.
The goliath frog is severely wounded.
You block the goliath frog's attack.
You hit the goliath frog. You burn the goliath frog.
The goliath frog is almost dead.
The goliath frog hits you.
You are splashed with acid!
You block the goliath frog's attack.
You closely miss the goliath frog. Your headbutt misses the goliath frog.
The goliath frog is almost dead.
You block the goliath frog's attack. The goliath frog hits you from afar.
You are splashed with acid.
* * * LOW HITPOINT WARNING * * *
You hit the goliath frog. You burn the goliath frog.
Your headbutt misses the goliath frog.
The goliath frog is almost dead.
The goliath frog hits you.
* * * LOW HITPOINT WARNING * * *
The acid corrodes you!
You are splashed with acid!
* * * LOW HITPOINT WARNING * * *
You block the goliath frog's attack.
You hit the goliath frog but do no damage.
The goliath frog is almost dead.
The goliath frog hits you but does no damage.
You block the goliath frog's attack.
You slash the goliath frog! You burn the goliath frog.
You kill the goliath frog!
Okawaru accepts your kill. The goliath frog hits you!
* * * LOW HITPOINT WARNING * * *
You are splashed with acid.
* * * LOW HITPOINT WARNING * * *
The goliath frog hits you!
* * * LOW HITPOINT WARNING * * *
You are splashed with acid!
You die...

♣♣~~....~♣..♣ ♣♣♣♣♣.~~......♣
♣~.....~~.~.♣ ♣♣.~♣♣♣..~~~~~.~
♣♣....♣♣♣...♣ ♣~.>♣♣♣.~~~~~~~.
♣♣.~~..♣♣♣♣♣♣♣♣♣..÷÷♣..~~~~~~~~
♣~§~~~.~♣♣♣ ♣♣~..~~>♣.~§~.♣.~~~
♣.§~~.~.~~♣♣♣...~~§♣.~~~~..♣.~~
♣♣♣..§~.~.♣§..§~..♣♣.~~~~~~..~~
♣....~..♣..~F.♣♣♣♣♣.~~§~...~~
♣..~~~.♣♣♣..@♣♣♣♣ ♣.~~~~..♣.~
♣~.~~~♣~~~..§..~♣ ♣.~~~.....~
♣♣♣♣.....~~.....♣♣♣♣~♣♣~~~♣..
♣~.~§~......~.~♣♣♣♣♣.~.♣~.
♣♣♣.~~~~.~~~♣.~~♣♣♣♣~~~~§.~
♣♣♣♣~..~~~♣.~~~♣.....♣♣.~~~~.~
♣..~..♣♣..~..~♣♣♣♣.~.♣♣..♣♣~~~
♣.~~~..~.~~♣♣♣♣♣♣.~~.♣♣♣♣♣♣♣~~
♣.~~~....§~♣♣~♣♣~~~~~.♣ ♣.~


You could see a goliath frog.

Vanquished Creatures
  2 deep elf blademasters
  2 deep elf master archers (Elf:3)
  The ghost of EarthwalkerPL the Tortoise, a journeyman MiFi of Okawaru (Elf:1)
  2 deep elf sorcerers (Elf:3)
  4 deep elf elementalists
  5 deep elf demonologists (Elf:3)
  Azrael (D:15)
  5 bunyips
  5 deep elf annihilators
  A dire elephant (Lair:5)
  An ettin (D:15)
  6 deep elf death magi
  The ghost of DildoBatman the Blocker, a journeyman FoCj of Kikubaaqudgha (Orc:1)
  2 deep elf high priests
  Fannar (Lair:2)
  An ice dragon (Lair:5)
  6 boulder beetles
  11 hydras
  2 anacondas (Snake:1)
  2 centaur warriors
  4 two-headed ogres
  A death knight (D:15)
  3 alligators
  2 tengu warriors (D:15)
  A naga warrior (Snake:1)
  6 orc high priests
  11 dancing weapons
  7 death yaks (Lair:5)
  3 shock serpents (Snake:1)
  7 deep elf knights
  Amaemon (Lair:2)
  4 goliath frogs
  2 skeletal warriors (D:15)
  4 spriggan druids
  A death drake (shapeshifter) (D:15)
  5 swamp dragons
  2 naga ritualists (Snake:1)
  2 deep trolls (D:15)
  3 lindwurms
  8 deep elf archers
  4 necromancers
  19 deep elf pyromancers
  7 orc knights
  A lindwurm (shapeshifter) (Elf:3)
  2 wizards
  18 deep elf zephyrmancers
  14 ugly things (D:14)
  A phantasmal warrior (D:15)
  4 cyclopes
  4 orc sorcerers
  5 oklob plants
  A shining eye (shapeshifter) (Elf:2)
  3 manticores
  5 will-o-the-wisps
  10 black mambas
  A black mamba (shapeshifter) (Elf:2)
  6 torpor snails
  An orange demon (Lair:2)
  Joseph (D:10)
  10 cane toads
  3 gargoyles
  Maggie (Lair:1)
  A komodo dragon (shapeshifter) (Elf:2)
  2 efreet
  A tengu conjurer (D:15)
  4 komodo dragons
  10 polar bears
  A bloated husk (Swamp:1)
  4 trolls
  8 tyrant leeches
  8 hornets
  3 slime creatures (D:15)
  3 raiju (Lair:5)
  A wind drake (shapeshifter) (Elf:2)
  2 dream sheep (Lair:2)
  A raiju (shapeshifter) (D:13)
  3 blink frogs (Lair:1)
  Sigmund (D:2)
  2 large abominations (Elf:1)
  4 vampires
  5 spriggans
  A shadow (D:11)
  2 wraiths
  5 air elementals
  34 yaks
  A wyvern (D:11)
  A human (shapeshifter) (Elf:2)
  7 vampire mosquitoes
  5 water elementals
  2 basilisks
  7 fire elementals
  A hog (shapeshifter) (Elf:2)
  2 steam dragons (D:9)
  4 neqoxecs (Orc:1)
  2 redbacks (D:14)
  The ghost of jaiteiro the Conjurer, an amateur GnCj (D:4)
  4 nagas (Snake:1)
  13 swamp worms
  8 wargs
  16 hell hounds
  The ghost of tykejmi the Magician, an amateur DEFE (D:3)
  9 water moccasins
  2 acid dragons
  Duvessa (D:7)
  39 orc warriors
  9 swamp drakes
  12 black bears
  A sky beast (D:7)
  7 ogres
  3 boggarts (D:15)
  35 wolves
  5 centaurs
  A phantom (D:6)
  3 kobold brigands
  4 elf zombies (Elf:1)
  6 bullfrogs
  5 gnoll sergeants (D:10)
  2 earth elementals (Elf:1)
  A necrophage (D:7)
  7 scorpions
  14 wights
  Dowan (D:7)
  14 killer bees
  2 electric eels
  2 howler monkeys
  A centaur zombie (D:3)
  2 quasits (Orc:1)
  2 jellies (D:5)
  23 orc priests
  12 hounds
  A bullfrog skeleton (D:3)
  5 gnoll boudas
  15 orc wizards
  5 iguanas
  6 hell rats (Lair:2)
  A mummy (Ossuary)
  A howler monkey skeleton (D:3)
  7 adders
  29 gnolls
  An ufetubus (D:6)
  2 adder zombies (D:4)
  2 worms (D:4)
  3 dart slugs
  82 orcs
  A spectral bat (Ossuary)
  2 ball pythons (D:1)
  6 bats
  10 endoplasms
  7 giant cockroaches
  11 goblins
  13 hobgoblins
  A jackal (D:10)
  9 quokkas
  6 frilled lizards
  12 gnoll zombies (Ossuary)
  A goblin simulacrum (Ossuary)
  6 goblin zombies (Ossuary)
  A hobgoblin zombie (Ossuary)
  19 kobolds
  4 kobold simulacra (Ossuary)
  4 kobold zombies (Ossuary)
  7 orc zombies (Ossuary)
  5 rats
  4 rat simulacra (Ossuary)
  A spectral kobold (Ossuary)
  4 spectral rats (Ossuary)
  A butterfly (D:12)
960 creatures vanquished.

Vanquished Creatures (others)
  Asterion (Elf:3)
  3 deep elf knights (Elf:1)
  A spriggan druid (Swamp:4)
  3 bloated husks
  A water elemental (Elf:3)
  A swamp worm (Swamp:3)
  2 orcs (D:13)
  32 foxfires
  19 fungi
  56 plants
119 creatures vanquished.

Grand Total: 1079 creatures vanquished

Notes
Turn   | Place    | Note
-------+----------+-------------------------------------------
     0 | D:1      | Peloso the Minotaur Fighter began the quest for the Orb.
     0 | D:1      | Reached XP level 1. HP: 19/19 MP: 0/0
   194 | D:1      | Reached XP level 2. HP: 21/27 MP: 1/1
   541 | D:1      | Reached XP level 3. HP: 33/33 MP: 2/2
  1125 | D:2      | Noticed Sigmund
  1211 | D:3      | Reached XP level 4. HP: 40/40 MP: 3/3
  1551 | D:3      | Found a transporter.
  1574 | D:3      | Found a transporter.
  1953 | D:3      | Found a white marble altar of Elyvilon.
  1964 | D:3      | Found a glowing golden altar of the Shining One.
  1976 | D:3      | Noticed tykejmi's ghost (amateur DEFE)
  2229 | D:2      | Killed Sigmund
  2230 | D:2      | Reached skill level 5 in Long Blades
  2230 | D:2      | Reached skill level 5 in Armour
  2230 | D:2      | Reached skill level 1 in Dodging
  2230 | D:2      | Reached skill level 4 in Shields
  2230 | D:2      | Reached XP level 5. HP: 22/47 MP: 4/4
  2230 | D:2      | Reached XP level 6. HP: 25/53 MP: 5/5
  2571 | D:4      | Found a transporter.
  2572 | D:4      | Noticed jaiteiro's ghost (amateur GnCj)
  2653 | D:4      | Found a shimmering blue altar of Sif Muna.
  3109 | D:4      | Found a transporter.
  3409 | D:4      | Found a basalt altar of Yredelemnul.
  3441 | D:5      | Entered Level 5 of the Dungeon
  3501 | D:5      | Found a hazy altar of Hepliaklqana.
  3554 | D:5      | Found an ancient bone altar of Kikubaaqudgha.
  3617 | D:5      | Noticed a water moccasin
  3628 | D:5      | Killed a water moccasin
  3629 | D:5      | Reached XP level 7. HP: 49/60 MP: 6/6
  3760 | D:5      | Found a burning altar of Makhleb.
  3786 | D:5      | Found a sand-covered staircase.
  3793 | Ossuary  | Entered an ossuary
  4337 | D:5      | Reached skill level 5 in Fighting
  4622 | D:5      | HP: 2/61 [ogre/+0 giant club (29)]
  5302 | D:6      | Reached skill level 5 in Shields
  5302 | D:6      | Reached XP level 8. HP: 68/68 MP: 7/7
  6113 | D:7      | Found a staircase to the Ecumenical Temple.
  6119 | Temple   | Entered the Ecumenical Temple
  6168 | Temple   | Became a worshipper of Warmaster Okawaru
  6190 | D:7      | Noticed Dowan
  6231 | D:7      | Killed Dowan
  6288 | D:7      | Noticed Duvessa
  6311 | D:7      | Killed Duvessa
  6312 | D:7      | Reached skill level 6 in Shields
  6751 | D:7      | Found Amesyu's Magic Scroll Emporium.
  6760 | D:7      | Bought a scroll of identify for 30 gold pieces
  6818 | D:7      | Found Pangyloa's Magic Scroll Emporium.
  6825 | D:7      | Bought a scroll of identify for 30 gold pieces
  6825 | D:7      | Bought a scroll of identify for 30 gold pieces
  6847 | D:7      | Found a hide-covered altar of Uskayaw.
  6990 | D:7      | Reached * piety under Okawaru
  7243 | D:7      | Found Warch's Antique Armour Emporium.
  7339 | D:7      | Reached skill level 7 in Shields
  7339 | D:7      | Reached XP level 9. HP: 73/78 MP: 8/8
  7376 | D:7      | Found Piemp's Assorted Antiques.
  7958 | D:3      | Killed tykejmi's ghost
  8070 | D:8      | Found an opulent altar of Gozag.
  8442 | D:8      | Noticed a two-headed ogre
  8457 | D:8      | Killed a two-headed ogre
  8457 | D:8      | Reached ** piety under Okawaru
  8458 | D:8      | Reached skill level 8 in Shields
  8458 | D:8      | Reached skill level 1 in Invocations
  8680 | D:8      | Reached skill level 10 in Long Blades
  9345 | D:8      | Reached skill level 9 in Shields
  9644 | D:9      | Reached *** piety under Okawaru
  9645 | D:9      | Reached XP level 10. HP: 54/86 MP: 9/9
  9726 | D:9      | Found a staircase to the Lair.
 10007 | D:9      | Noticed a two-headed ogre
 10008 | D:9      | Noticed a two-headed ogre
 10018 | Lair:1   | Entered Level 1 of the Lair of Beasts
 10068 | Lair:1   | Reached skill level 10 in Shields
 10266 | Lair:1   | Noticed Maggie
 10282 | Lair:1   | Killed Maggie
 10663 | Lair:1   | Reached **** piety under Okawaru
 11004 | Lair:1   | Noticed a cane toad
 11009 | Lair:1   | Killed a cane toad
 11010 | Lair:1   | Reached skill level 11 in Shields
 11066 | Lair:1   | Reached skill level 10 in Armour
 11286 | Lair:1   | Reached XP level 11. HP: 65/95 MP: 9/11
 11569 | Lair:1   | Reached ***** piety under Okawaru
 11613 | Lair:1   | Reached skill level 12 in Shields
 12672 | Lair:2   | Noticed a lindwurm
 12683 | Lair:2   | Killed a lindwurm
 12908 | Lair:2   | Noticed Amaemon
 12921 | Lair:2   | Killed Amaemon
 12961 | Lair:2   | Noticed Fannar
 12974 | Lair:2   | Received a gift from Okawaru
 13288 | Lair:2   | Reached skill level 13 in Shields
 13443 | Lair:2   | Found a staircase to the Swamp.
 13587 | Lair:2   | Killed Fannar
 14689 | Lair:3   | Found a staircase to the Snake Pit.
 14702 | Lair:3   | Reached skill level 1 in Stealth
 14795 | Lair:3   | Noticed an eight-headed hydra
 14882 | Lair:1   | Killed a two-headed ogre
 14883 | Lair:1   | Reached XP level 12. HP: 91/106 MP: 10/12
 15047 | D:9      | Killed a two-headed ogre
 15361 | D:9      | Found Cassol's Fire Supplies.
 15849 | D:10     | Entered Level 10 of the Dungeon
 15859 | D:9      | Reached skill level 10 in Fighting
 16103 | D:10     | Noticed Joseph
 16103 | D:10     | Paralysed by Joseph for 2 turns
 16106 | D:10     | Paralysed by Joseph for 3 turns
 16115 | D:10     | Paralysed by Joseph for 2 turns
 16118 | D:10     | Killed Joseph
 16264 | D:10     | Reached skill level 14 in Shields
 17341 | D:11     | Noticed a boulder beetle
 17366 | D:11     | Killed a boulder beetle
 17366 | D:11     | Identified the +1 plate armour of the Evening Star {+Blink
                  | Will+ Regen+} (Okawaru gifted it to you on level 11 of the
                  | Dungeon)
 17366 | D:11     | Received a gift from Okawaru
 17825 | D:12     | Found a staircase to the Orcish Mines.
 17841 | D:12     | Noticed a boulder beetle
 17857 | D:12     | Killed a boulder beetle
 18014 | D:12     | Found a runed translucent door.
 18016 | D:12     | Found a runed translucent door.
 18108 | D:12     | You fall into a shaft and drop 3 floors!
 18108 | D:15     | Entered Level 15 of the Dungeon
 18150 | D:15     | Noticed an ettin
 18164 | D:15     | Noticed a tengu warrior
 18165 | D:15     | Noticed Azrael
 18170 | D:15     | Reached skill level 15 in Shields
 18174 | D:15     | Killed an ettin
 18196 | D:15     | Killed Azrael
 18211 | D:15     | Reached XP level 13. HP: 32/116 MP: 14/14
 18683 | D:15     | Found a staircase to the Depths.
 18985 | D:15     | Identified the +0 hat of Plasticity {rC+} (Okawaru gifted
                  | it to you on level 15 of the Dungeon)
 18985 | D:15     | Received a gift from Okawaru
 19003 | D:15     | Reached skill level 16 in Shields
 20338 | Lair:4   | Found a staircase to the Slime Pits.
 20338 | Lair:4   | Found a viscous altar of Jiyva.
 21928 | D:13     | Reached skill level 15 in Long Blades
 22041 | D:13     | Received a gift from Okawaru
 22305 | Orc:1    | Entered Level 1 of the Orcish Mines
 22415 | Orc:1    | Reached skill level 17 in Shields
 22415 | Orc:1    | Reached XP level 14. HP: 122/127 MP: 13/15
 22476 | Orc:1    | Noticed DildoBatman's ghost (journeyman FoCj)
 22765 | Orc:1    | Found a transporter.
 22782 | Orc:1    | Found a transporter.
 22977 | Orc:2    | Entered Level 2 of the Orcish Mines
 23013 | Orc:2    | Found a staircase to the Elven Halls.
 24000 | Orc:2    | Found Mufuavveg's Weapon Shoppe.
 24003 | Orc:2    | Found Jestus's Armour Shoppe.
 24004 | Orc:2    | Found Deatuuli's Jewellery Shoppe.
 24005 | Orc:2    | Found Geaseu's Weapon Emporium.
 24270 | Lair:5   | Entered Level 5 of the Lair of Beasts
 24326 | Lair:5   | Identified the +2 cloak of the Villain {Int+5} (Okawaru
                  | gifted it to you on level 5 of the Lair of Beasts)
 24326 | Lair:5   | Received a gift from Okawaru
 24327 | Lair:5   | Reached skill level 18 in Shields
 24410 | Lair:5   | Reached ****** piety under Okawaru
 24843 | Lair:5   | Reached skill level 5 in Dodging
 25723 | Lair:5   | Found a runed translucent door.
 25841 | Lair:5   | Reached skill level 19 in Shields
 25894 | Lair:5   | Paralysed by a hornet for 2 turns
 25897 | Lair:5   | Reached XP level 15. HP: 115/138 MP: 16/16
 26026 | Lair:5   | Paralysed by a hornet for 1 turns
 26670 | D:14     | Found the +9 sword of Zonguldrok {reap}
 26897 | D:14     | Received a gift from Okawaru
 26897 | D:14     | Found the +3 pair of seven-league boots {Rampage+∞}
 27218 | D:14     | Found a gate to the Vaults.
 27755 | D:15     | Identified a scroll of acquirement
 27972 | D:4      | Killed jaiteiro's ghost
 28260 | Orc:1    | Killed DildoBatman's ghost
 28268 | Orc:1    | Got the ring "Cenoxieth" {rElec Will+++ Int+6 Dex-2 SInv}
 28744 | Elf:1    | Entered Level 1 of the Elven Halls
 28752 | Elf:1    | Paralysed by an air elemental for 1 turns
 28776 | Elf:1    | Reached skill level 20 in Shields
 28902 | Elf:1    | Paralysed by an air elemental for 1 turns
 29155 | Elf:1    | Found a runed translucent door.
 29155 | Elf:1    | Noticed EarthwalkerPL's ghost (journeyman MiFi)
 29350 | Elf:1    | Received a gift from Okawaru
 29468 | Elf:1    | Got the Handbook of Sinister Rituals
 30266 | Elf:1    | Killed EarthwalkerPL's ghost
 30498 | Elf:2    | Gained mutation: Armour fits poorly on your strangely
                  | shaped body. [a shining eye]
 30568 | Elf:2    | Reached skill level 15 in Fighting
 30655 | Elf:2    | Reached skill level 15 in Armour
 30720 | Elf:2    | Found a runed translucent gate.
 30721 | Elf:2    | Found a runed translucent gate.
 30727 | Elf:2    | Found a runed translucent gate.
 30975 | Elf:2    | Reached XP level 16. HP: 94/149 MP: 16/18
 31305 | Elf:3    | Entered Level 3 of the Elven Halls
 31388 | Elf:3    | Reached skill level 21 in Shields
 31422 | Elf:2    | Received a gift from Okawaru
 31949 | Elf:3    | Noticed Asterion
 32209 | Elf:3    | Killed Asterion
 32346 | Elf:3    | Noticed an Executioner
 32369 | Elf:3    | Paralysed by an air elemental for 1 turns
 32378 | Elf:3    | Paralysed by an air elemental for 1 turns
 32385 | Elf:2    | Paralysed by an air elemental for 1 turns
 32390 | Elf:2    | Paralysed by an air elemental for 1 turns
 33083 | Elf:3    | Noticed a Hell Sentinel
 33209 | Elf:3    | Identified the +5 plate armour of a volcano {rC+} (Okawaru
                  | gifted it to you on level 3 of the Elven Halls)
 33209 | Elf:3    | Received a gift from Okawaru
 33258 | Elf:3    | Identified the ring "Setot" {rF+ Dex+6 Stlth+}
 33574 | Elf:3    | Gained mutation: You sometimes lose your temper in combat.
                  | [a neqoxec]
 33585 | Elf:3    | Noticed a Tzitzimitl
 33586 | Elf:3    | Noticed an Executioner
 34678 | Elf:3    | Noticed a deep elf blademaster
 34781 | Elf:3    | Identified the +1 scale mail "Vuubloy" {Contam rPois Str+6
                  | Dex-5}
 34781 | Elf:3    | Noticed a deep elf master archer
 34943 | Elf:2    | Killed a deep elf blademaster
 35157 | Elf:3    | Found the +9 heavy crossbow "Sniper" {vorpal, Acc+∞ SInv}
 35161 | Elf:3    | Noticed a deep elf master archer
 35161 | Elf:3    | Noticed a deep elf blademaster
 35180 | Elf:3    | Killed a deep elf blademaster
 35188 | Elf:3    | Killed a deep elf master archer
 35210 | Elf:3    | Identified the +8 shortbow of Ashenzari, Dripping {speed,
                  | Str+3 Int+7 Dex-4}
 35213 | Elf:3    | Got An Introduction to the Arcane Arts
 35303 | Elf:3    | Killed a deep elf master archer
 35320 | Elf:3    | Identified the +2 hat of the Tundras {Rampage Drain +Inv
                  | rN+}
 35807 | Lair:2   | Lost mutation: Armour fits poorly on your strangely shaped
                  | body. [potion of mutation]
 35807 | Lair:2   | Lost mutation: You sometimes lose your temper in combat.
                  | [potion of mutation]
 35807 | Lair:2   | Gained mutation: You have hidden genetic potential. [potion
                  | of mutation]
 35807 | Lair:2   | Gained mutation: You have a pair of large horns on your
                  | head. [potion of mutation]
 35808 | Lair:2   | Lost mutation: You have a pair of large horns on your head.
                  | [potion of mutation]
 35808 | Lair:2   | Lost mutation: You have hidden genetic potential. [potion
                  | of mutation]
 35808 | Lair:2   | Gained mutation: You passively map a small area around you.
                  | [potion of mutation]
 35808 | Lair:2   | Gained mutation: You are agile. (Dex +4, Str/Int -1)
                  | [potion of mutation]
 35864 | Lair:2   | Acquired the ring "Imeggak" {rPois rF+ Int+2}
 35911 | Snake:1  | Entered Level 1 of the Snake Pit
 35919 | Snake:1  | Reached skill level 22 in Shields
 36298 | Snake:1  | Found Ruuts's Antique Armour Shoppe.
 36320 | Snake:1  | Bought a jewelled plate armour for 896 gold pieces
 36320 | Snake:1  | Identified the +2 plate armour "Kosejoesh" {Str+2} (You
                  | bought it in a shop on level 1 of the Snake Pit)
 36690 | Swamp:1  | Entered Level 1 of the Swamp
 36777 | Swamp:1  | Reached XP level 17. HP: 129/158 MP: 19/19
 37724 | Swamp:2  | You fall into a shaft and drop 1 floor!
 37831 | Swamp:2  | Identified the +3 kite shield "Mijyokil" {rPois} (Okawaru
                  | gifted it to you on level 2 of the Swamp)
 37831 | Swamp:2  | Received a gift from Okawaru
 38864 | Swamp:4  | Entered Level 4 of the Swamp
 39653 | Swamp:3  | Reached skill level 23 in Shields
 39676 | Swamp:3  | HP: 6/160 [goliath frog[a spriggan druid] (10)]
 39676 | Swamp:3  | Splashed by a goliath frog's acid

Illustrated notes

Levels and vault maps discovered:
D:1:      nicolae_arrival_memento_mori, layout_basic
D:2:      layout_rooms, columned_hall_lemuel, uniq_sigmund
D:3:      layout_basic, mainiacjoe_overflow_swirl, gammafunk_ghost_mausoleum
D:4:      minmay_evil_eye, layout_basic, nicolae_sif_muna_condensation,
          lemuel_zombie_altar_yredelemnul, gammafunk_ghost_arena
D:5:      layout_basic, mainiacjoe_overflow_cross_hatched,
          nzn_hepliaklqana_mist_gate, mainiacjoe_overflow_boulevard,
          chequers_ossuary_entry_cave, kennysheep_generic_room_6
D:6:      layout_rooms, serial_glass, glass_columns_a, glass_columns_a,
          nicolae_zen_rock_garden
D:7:      layout_cave_pods, kennysheep_little_box, minmay_temple_entry_fiery,
          serial_shops, shop, shop, nicolae_lakefront_shop, shop, uniq_duvessa
D:8:      layout_cave_pools, grunt_gozag_breadcrumbs
D:9:      layout_basic, grunt_lair_entry_orc_guard_hut, grunt_ministairs_7,
          nicolae_shop_fire_sale [nicolae_sub_dead_trees]
D:10:     layout_cross, serial_gnoll_camp, gnoll_camp_mini_house,
          gnoll_camp_mini_hut, gnoll_camp_mini_house, gnoll_camp_medium_02,
          gnoll_camp_huts_basic, gnoll_camp_mini_hut, uniq_joseph
D:11:     layout_gridville
D:12:     lemuel_insect_pit, layout_rooms, orc_0_dummy
D:13:     layout_roguey [special_room_orc], minmay_large_rounded_square
D:14:     layout_gridville, david_vaults_1, chequers_serial_rivers_marsh
D:15:     hangedman_depths_entry_civil_slaughter, layout_rooms, minivault_4,
          uniq_azrael
Temple:   dshaligram_water_room_temple
Lair:1:   beast_lair_carwin_large_1, layout_layer_cave, uniq_maggie
Lair:2:   layout_chaotic_city, swamp_mist_pool, nicolae_lair_lindhole,
          uniq_fannar, uniq_amaemon
Lair:3:   layout_small_grid, dummy_snake_entry
Lair:4:   layout_loops_ring, minmay_slime_entry_oklob_open
Lair:5:   wormcave, layout_hall_layers, hangedman_lair_caniforms_friends,
          infiniplex_staircase_pool
Swamp:1:  layout_falls_marsh, hangedman_swamp_ruin_wall, hangedman_swamp_blocks,
          nicolae_swamp_oxbows
Swamp:2:  layout_falls_marsh, evilmike_swamp_ruin_house_6
Swamp:3:  layout_basic_swamp, evilmike_swamp_ruin_house_5, swamp_pool5,
          nicolae_swamp_oklob_treasure_island
Swamp:4:  swamp_old_school, layout_basic_swamp
Snake:1:  layout_rooms, serial_shops, shop, nicolae_triple_integral
Orc:1:    layout_diamond_mine, gammafunk_ghost_stat_death
Orc:2:    st_orc_pillars, layout_caves, mines4_lemuel
Elf:1:    nicolae_elf_arrival_aired_out, layout_onion_city,
          hellmonk_ghost_happy_afterlife, minmay_elf_necromancy,
          chequers_hall_statues_y, drop_trap
Elf:2:    nicolae_elf_blades_crystal_corner, layout_loops_corners,
          nicolae_elf_shapeshifter_party
Elf:3:    elf_hall_gauntlet_wide, layout_loops_cross, uniq_asterion

Skill      XL: |  1  2  3  4  5  6  7  8  9 10 11 12 13 14 15 16 17 |
---------------+----------------------------------------------------+-----
Armour         | 4 5 6 7 9 10 11 13 14 15 16 | 16.4
Fighting       | 4 5 6 7 8 9 11 12 14 15 16 | 16.7
Long Blades    | 3 5 6 7 8 10 11 13 14 15 17 18 | 18.2
Dodging        | 1 2 3 4 5 |  5.8
Shields        | 4 5 7 9 11 13 15 17 19 20 22 23 | 23.0
Invocations    | 1 2 3 4 |  4.7
Stealth        | 1 |  1.6
Evocations     | |  0.5

Action                   |  1- 3 |  4- 6 |  7- 9 | 10-12 | 13-15 | 16-18 || total
-------------------------+-------+-------+-------+-------+-------+-------++-------
Melee: Long sword        |   110 |   157 |   492 |   870 |    89 |       ||  1718
       Headbutt          |    16 |    22 |   110 |   243 |   611 |   228 ||  1230
       Scimitar          |       |       |       |   186 |   553 |   206 ||   945
       Demon blade       |       |       |       |       |  1498 |   759 ||  2257
Invok: Heroism           |       |       |     6 |    31 |    34 |    27 ||    98
Evoke: Wand              |       |       |     2 |     3 |       |     3 ||     8
  Use: Scroll            |     4 |     2 |    12 |     9 |     4 |     6 ||    37
       Potion            |       |       |     4 |     5 |     7 |    11 ||    27
 Stab: Invisible         |       |       |       |       |     3 |       ||     3
Armor: Scale mail        |    44 |    15 |       |       |       |       ||    59
       Chain mail        |       |    39 |       |       |       |       ||    39
       Plate armour      |       |    24 |   241 |   405 |   574 |   254 ||  1498
Dodge: Dodged            |    59 |    46 |   135 |   233 |   451 |   206 ||  1130
Block: Buckler           |    25 |    22 |       |       |       |       ||    47
       Tower shield      |       |    28 |   419 |  1129 |  1845 |   691 ||  4112
       Kite shield       |       |       |       |       |       |   215 ||   215
